 Dungeon Crawl Stone Soup version 0.29-a0-824-gd827844252 (webtiles) character file.

Game seed: 3445339503947872122

362 dolemite99 the Cleaver (level 6, -8/51 HPs)
             Began as a Minotaur Abyssal Knight on July 9, 2022.
             Was a Priest of Lugonu.
             Mangled by Prince Ribbit (10 damage)
             ... on level 5 of the Dungeon.
             The game lasted 00:04:47 (5008 turns).

dolemite99 the Cleaver (Minotaur Abyssal Knight)    Turns: 5008, Time: 00:04:47

Health: -8/51      AC: 11    Str: 19    XL:     6   Next: 39%
Magic:  6/6        EV:  5    Int:  7    God:    Lugonu [***...]
Gold:   85         SH:  0    Dex: 11    Spells: 5/5 levels left

rFire   . . .      SeeInvis .   a - +0 war axe
rCold   . . .      Faith    .   (no shield)
rNeg    . . .      Spirit   .   j - +0 plate armour
rPois   .          Reflect  .   (helmet restricted)
rElec   .          Harm     .   (no cloak)
rCorr   .          Rampage  .   (no gloves)
Will    .....                   (no boots)
Stlth   ..........              i - amulet of the acrobat
HPRegen 0.17/turn               (no ring)
MPRegen 0.10/turn               (no ring)

@: no status effects
A: horns 2, retaliatory headbutt
a: Renounce Religion, Depart the Abyss, Bend Space, Banish


You were on level 5 of the Dungeon.
You worshipped Lugonu.
Lugonu was most pleased with you.
You visited 1 branch of the dungeon, and saw 5 of its levels.
You visited the Abyss 1 time.

You collected 161 gold pieces.
You spent 76 gold pieces at shops.

Inventory:

Hand Weapons
 a - a +0 war axe (weapon)
 k - a +3 dagger of electrocution
 l - a +1 hand axe
Armour
 b - a +0 leather armour
 d - a +0 ring mail
 j - a +0 plate armour (worn)
Jewellery
 i - an amulet of the acrobat (around neck)
Scrolls
 c - 3 scrolls of immolation
 g - a scroll of poison {unknown}
 s - a scroll of enchant weapon {unknown}
 t - a scroll of teleportation {unknown}
 w - a scroll of amnesia {unknown}
 x - a scroll of enchant armour {unknown}
Potions
 o - a potion of cancellation {unknown}
 q - a potion of invisibility {unknown}
 r - a potion of degeneration {unknown}
 u - a potion of ambrosia {unknown}
 v - a potion of flight {unknown}


   Skills:
 - Level 3.6 Fighting
 + Level 8.3 Axes
 - Level 2.4 Armour
 - Level 1.1 Dodging
 - Level 1.7 Invocations


You had 5 spell levels left.
You didn't know any spells.
Your spell library contained the following spells:

 Spells                   Type           Power      Damage    Failure   Level
 Slow                     Hex            0%         N/A       100%        1
 Confusing Touch          Hex            0%         N/A       100%        3
 Gell's Gravitas          Tloc           0%         N/A       100%        3
 Lesser Beckoning         Tloc           0%         N/A       100%        3
 Ozocubu's Armour         Ice            0%         N/A       100%        3
 Teleport Other           Tloc           0%         N/A       100%        3
 Vampiric Draining        Necr           0%         2d6       100%        3
 Metabolic Englaciation   Hex/Ice        0%         N/A       100%        5
 Simulacrum               Ice/Necr       0%         N/A       100%        6


Dungeon Overview and Level Annotations

Branches:
Dungeon (5/15)
 Temple: D:4-7

Altars:
Uskayaw

Shops:
D:4 *

Annotations:
D:4 Ijyb
D:5 Prince Ribbit


Innate Abilities, Weirdness & Mutations

You have a pair of horns on your head.
You reflexively headbutt those who attack you in melee.


Message History

Aim: Prince Ribbit (moderately wounded, chance to affect: 31%) Prince Ribbit easily resists.
Aiming: Paralyse
Press: ? - help, Shift-Dir - straight line, f/p - Prince Ribbit
Aim: Prince Ribbit (moderately wounded, chance to affect: 31%) Prince Ribbit easily resists.
Aiming: Paralyse
Press: ? - help, Shift-Dir - straight line, f/p - Prince Ribbit
Aim: Prince Ribbit (moderately wounded, chance to affect: 31%) Prince Ribbit easily resists.
The now-empty wand crumbles to dust.
Prince Ribbit barely misses you.
You barely miss Prince Ribbit. Your punch misses Prince Ribbit.
Prince Ribbit is moderately wounded.
Prince Ribbit hits you!
Prince Ribbit hits you but does no damage.
You closely miss Prince Ribbit.
Prince Ribbit is moderately wounded.
Prince Ribbit hits you but does no damage. x2
You closely miss Prince Ribbit.
Prince Ribbit is moderately wounded.
Prince Ribbit hits you!
You closely miss Prince Ribbit. Your headbutt misses Prince Ribbit.
Prince Ribbit is moderately wounded.
Prince Ribbit hits you.
You slash Prince Ribbit!
Prince Ribbit is heavily wounded.
Prince Ribbit hits you but does no damage.
Prince Ribbit hits you.
You hit Prince Ribbit.
Prince Ribbit is heavily wounded.
Prince Ribbit hits you!
* * * LOW HITPOINT WARNING * * *
Prince Ribbit catches a butterfly with his tongue.
Prince Ribbit hits you!
* * * LOW HITPOINT WARNING * * *
You hit Prince Ribbit. Your headbutt misses Prince Ribbit.
Prince Ribbit is severely wounded.
Prince Ribbit winks and puckers his lips.
Prince Ribbit hits you!
You die...

### #<# #######+####
#.# #.........!. #.#
#........... #.#
#........... #
#.####...........
#...#..†.(...........
#.....................
#......(..F@..........
#.....................
#.....................
#...........#########.
######......# #......#
#......# #......# ....


You could see Prince Ribbit.

Vanquished Creatures
  Duvessa (D:4)
  Dowan (D:4)
  An orc priest (D:3)
  2 iguanas
  An orc wizard (D:3)
  5 adders
  2 dart slugs
  A worm (D:4)
  6 orcs (D:3)
  6 bats
  4 endoplasms
  9 goblins
  8 hobgoblins
  7 jackals
  2 quokkas
  6 ball pythons
  3 frilled lizards
  8 kobolds
  4 rats
77 creatures vanquished.

Notes
Turn   | Place    | Note
-------+----------+-------------------------------------------
     0 | Abyss:1  | dolemite99 the Minotaur Abyssal Knight began the quest for
                  | the Orb.
     0 | Abyss:1  | Reached XP level 1. HP: 19/19 MP: 1/1
     1 | D:1      | Escaped the Abyss
   287 | D:1      | Reached skill level 3 in Axes
   294 | D:1      | Reached XP level 2. HP: 18/26 MP: 2/2
   642 | D:1      | Reached skill level 4 in Axes
   709 | D:1      | Reached *** piety under Lugonu
  1152 | D:1      | Reached XP level 3. HP: 29/31 MP: 3/3
  1596 | D:2      | Found a faded altar of an unknown god.
  1713 | D:2      | You fall into a shaft and drop 1 floor!
  1723 | D:3      | Reached skill level 5 in Axes
  1989 | D:3      | Found a hide-covered altar of Uskayaw.
  2054 | D:3      | Reached XP level 4. HP: 27/39 MP: 4/4
  3155 | D:3      | Reached skill level 6 in Axes
  4173 | D:4      | Reached XP level 5. HP: 34/45 MP: 5/5
  4427 | D:4      | Found Ybapeli's Assorted Antiques.
  4428 | D:4      | Noticed Dowan
  4429 | D:4      | Noticed Duvessa
  4445 | D:4      | Killed Duvessa
  4446 | D:4      | Reached skill level 7 in Axes
  4446 | D:4      | Reached XP level 6. HP: 41/51 MP: 6/6
  4454 | D:4      | Killed Dowan
  4455 | D:4      | Reached skill level 8 in Axes
  4737 | D:4      | Bought a puce potion for 18 gold pieces
  4737 | D:4      | Bought a sedimented ruby potion for 18 gold pieces
  4737 | D:4      | Bought a scroll labelled WYGAL USHIUKHLO for 20 gold pieces
  4737 | D:4      | Bought a scroll labelled FAEXECH MEKOTT for 20 gold pieces
  4930 | D:4      | Noticed Ijyb
  4944 | D:5      | Entered Level 5 of the Dungeon
  4987 | D:5      | Noticed Prince Ribbit
  5007 | D:5      | HP: 2/51 [Prince Ribbit (7)]
  5008 | D:5      | Mangled by Prince Ribbit

Illustrated notes

Levels and vault maps discovered:
D:1:      dpeg_arrival_water_fire, layout_basic
D:2:      wad_crossroads, layout_loops_ring,
          shapermc_ecumenical_altar_starsandcircs
D:3:      layout_basic, nicolae_uskayaw_dance_hall
D:4:      minmay_door_path, layout_basic, serial_shops, shop,
          serial_bayou_pond_a, hangedman_decor_lopped, uniq_ijyb, uniq_duvessa
D:5:      layout_basic, minmay_temple_entry_hall, serial_shops,
          nicolae_shop_temple_entry_statues_fountains, shop,
          minmay_mini_ossuary, uniq_pikel, uniq_prince_ribbit1

Skill      XL: |  1  2  3  4  5  6 |
---------------+-------------------+-----
Axes           | 3 4 5 6 7 8 |  8.3
Fighting       | |  3.6
Armour         | |  2.4
Dodging        | |  1.1
Invocations    | |  1.7

Action                   |  1- 3 |  4- 6 || total
-------------------------+-------+-------++-------
Melee: Hand axe          |    45 |       ||    45
       Headbutt          |     5 |    12 ||    17
       War axe           |    42 |    86 ||   128
       Punch             |     1 |     1 ||     2
Throw: Dart              |       |    22 ||    22
Evoke: Wand              |       |     4 ||     4
  Use: Potion            |       |     4 ||     4
       Scroll            |       |     8 ||     8
Armor: Ring mail         |    28 |       ||    28
       Plate armour      |    29 |    59 ||    88
Dodge: Dodged            |    59 |    39 ||    98

Table legend: (Time is in decaauts)
 A = Elapsed time spent in this place.
 B = Non-inter-level travel time spent in this place.
 C = Inter-level travel time spent in this place.
 D = Time resting spent in this place.
 E = Time spent auto-exploring this place.
 F = Levels seen in this place.
 G = Mean time per level.
                   A        B        C        D        E       F      G
               +--------+--------+--------+--------+--------+-----+--------+
         Total |   5038 |   4950 |     88 |   2203 |   1961 |   6 |  839.7 |
       Dungeon |   5037 |   4949 |     88 |   2203 |   1961 |   5 | 1007.4 |
         Abyss |      1 |      1 |      0 |      0 |      0 |   1 |    1.0 |
               +--------+--------+--------+--------+--------+-----+--------+

Top non-repeatable levels by time:
     D:3: 2391 daAuts
     D:1: 1398 daAuts
     D:4: 856 daAuts
     D:2: 326 daAuts
     D:5: 64 daAuts
 Abyss:1: 1 daAuts
